 Dungeon Crawl Stone Soup version 0.30-a0-371-gad7725a93e (webtiles) character file.

Game seed: 1625162858508756902

92 leviel the Slasher (level 4, -6/40 HPs)
             Began as a Hill Orc Fighter on Nov 21, 2022.
             Mangled by an ogre
             ... wielding a +0 giant club
              (13 damage)
             ... on level 4 of the Dungeon.
             The game lasted 00:02:28 (1801 turns).

leviel the Slasher (Hill Orc Fighter)               Turns: 1801, Time: 00:02:28

Health: -6/40      AC: 12    Str: 20    XL:     4   Next: 60%
Magic:  4/4        EV:  5    Int:  8    God:
Gold:   86         SH:  4    Dex: 10    Spells: 3/3 levels left

rFire   . . .      SeeInvis .    a - +1 long sword
rCold   . . .      Faith    .    c - +0 buckler
rNeg    . . .      Spirit   .    k - +1 plate armour
rPois   .          Reflect  .    (no helmet)
rElec   .          Harm     .    (no cloak)
rCorr   .          Rampage  .    (no gloves)
Will    .....                    (no boots)
Stlth   ..........               (no amulet)
HPRegen 0.26/turn                (no ring)
MPRegen 0.09/turn                (no ring)

@: mighty
A: no striking features
a: no special abilities


You were on level 4 of the Dungeon.
You visited 1 branch of the dungeon, and saw 4 of its levels.

You collected 86 gold pieces.

Inventory:

Hand Weapons
 a - a +1 long sword (weapon)
Armour
 c - a +0 buckler (worn)
 k - a +1 plate armour (worn)
Jewellery
 h - an amulet of regeneration
Potions
 b - a potion of flight
 f - a potion of berserk rage {unknown}
 g - a potion of cancellation {unknown}
 i - 3 potions of heal wounds {unknown}
 j - a potion of haste {unknown}
 l - a potion of lignification {unknown}
 n - a potion of brilliance {unknown}


   Skills:
 - Level 3.6 Fighting
 + Level 5.1 Long Blades
 - Level 3.3 Armour
 - Level 3.3 Shields


You had 3 spell levels left.
You didn't know any spells.
Your spell library contained the following spells:

 Spells                   Type           Power      Damage    Failure   Level
 Animate Dead             Necr           0%         N/A       100%        4
 Haunt                    Necr/Summ      0%         N/A       100%        7
 Infestation              Necr           0%         N/A       100%        8


Dungeon Overview and Level Annotations

Branches:
Dungeon (4/15)
 Temple: D:4-7

Altars:
Fedhas

Shops:
D:4 :


Message History

There is an open door here.
The iguana bites you.
You slash the iguana!
The iguana is severely wounded.
The iguana bites you.
You slash the iguana!
You kill the iguana!
The adder barely misses you.
You have reached level 4!
You slash the adder!
You kill the adder!
Your Long Blades skill increases to level 5!
No target in view!
No target in view!
No target in view!
No target in view!
No target in view!
No target in view!
HP restored.
A giant cockroach comes into view.
A giant cockroach is nearby!
An ogre comes into view. It is wielding a +0 giant club.
The ogre shouts!
You hear a shout!
The giant cockroach bites you but does no damage.
The giant cockroach bites you.
There is a fountain of clear blue water here.
You slash the giant cockroach!
You kill the giant cockroach!
Found a pair of boots.
Found a stone staircase leading up.
The ogre hits you with a +0 giant club!!
Ouch! That really hurt!
* * * LOW HITPOINT WARNING * * *
You are too injured to fight recklessly!
You are too injured to fight recklessly!
You are too injured to fight recklessly!
You feel better. The ogre hits you with a +0 giant club!
* * * LOW HITPOINT WARNING * * *
You feel very mighty all of a sudden.
You barely miss the ogre. The ogre hits you with a +0 giant club!
You die...

#.(.....# ####
#.⌠...⌠.# ....#
#.......# ....#<
#######'######......
#...................
#.....†.............
#...................
#..........⌠†[.⌠....
.............@∩.....[
............⌠.O.⌠....
.....................
......#..............
....................
...####..##...#...#
..###.#.....# #.#
#.###.#.#


You could see an ogre.

Vanquished Creatures
  An iguana (D:4)
  An adder (D:4)
  2 worms (D:2)
  A dart slug (D:1)
  An orc (D:3)
  3 bats (D:1)
  4 endoplasms (D:1)
  3 giant cockroaches
  3 goblins (D:1)
  6 hobgoblins
  2 jackals (D:2)
  3 quokkas (D:1)
  5 ball pythons (D:1)
  4 frilled lizards
  3 kobolds (D:1)
  3 rats
45 creatures vanquished.

Vanquished Creatures (collateral kills)
  A rat (D:1)
1 creature vanquished.

Grand Total: 46 creatures vanquished

Notes
Turn   | Place    | Note
-------+----------+-------------------------------------------
     0 | D:1      | leviel the Hill Orc Fighter began the quest for the Orb.
     0 | D:1      | Reached XP level 1. HP: 19/19 MP: 1/1
   182 | D:1      | Reached XP level 2. HP: 14/27 MP: 2/2
   185 | D:1      | Reached skill level 3 in Long Blades
   550 | D:1      | Found a faded altar of an unknown god.
   570 | D:1      | Reached XP level 3. HP: 31/33 MP: 3/3
   775 | D:1      | Reached skill level 4 in Long Blades
  1645 | D:3      | Found a blossoming altar of Fedhas.
  1764 | D:3      | You fall into a shaft and drop 1 floor!
  1769 | D:4      | Found Awkuigil's Vocational Training.
  1773 | D:4      | Reached XP level 4. HP: 35/40 MP: 4/4
  1774 | D:4      | Reached skill level 5 in Long Blades
  1794 | D:4      | Noticed an ogre
  1801 | D:4      | Mangled by an ogre

Illustrated notes

Levels and vault maps discovered:
D:1:      wander_arrival_peaceful_grave, layout_basic,
          hellmonk_ecumenical_altar_zigzags, skrybe_limestone_x
D:2:      layout_basic, kennysheep_cross_room, st_stairs_8,
          kennysheep_minor_cross
D:3:      layout_rooms, fedhas_altar_4, amethyst_killhole,
          chequers_serial_rivers_room_a
D:4:      layout_rooms, chequers_ossuary_entry_cave, minmay_fountain_box,
          serial_bayou_pond_d, nicolae_shop_vocational

Skill      XL: |  1  2  3  4 |
---------------+-------------+-----
Long Blades    | 3 4 5 |  5.1
Fighting       | |  3.6
Armour         | |  3.3
Shields        | |  3.3

Action                   |  1- 3 |  4- 6 || total
-------------------------+-------+-------++-------
Melee: Long sword        |   133 |     3 ||   136
  Use: Scroll            |     6 |       ||     6
       Potion            |       |     2 ||     2
Armor: Scale mail        |    49 |       ||    49
       Plate armour      |    25 |     1 ||    26
Dodge: Dodged            |    58 |       ||    58
Block: Buckler           |    25 |       ||    25

Table legend: (Time is in decaauts)
 A = Elapsed time spent in this place.
 B = Non-inter-level travel time spent in this place.
 C = Inter-level travel time spent in this place.
 D = Time resting spent in this place.
 E = Time spent auto-exploring this place.
 F = Levels seen in this place.
 G = Mean time per level.
                   A        B        C        D        E       F      G
               +--------+--------+--------+--------+--------+-----+--------+
         Total |   1835 |   1788 |     47 |      0 |   1431 |   4 |  458.8 |
       Dungeon |   1835 |   1788 |     47 |      0 |   1431 |   4 |  458.8 |
               +--------+--------+--------+--------+--------+-----+--------+

Top non-repeatable levels by time:
     D:1: 1040 daAuts
     D:2: 605 daAuts
     D:3: 152 daAuts
     D:4: 37 daAuts
